 Dungeon Crawl Stone Soup version 0.19.0-11-g3fc08b3 (webtiles) character file.

71 Stormleaks the Poker (level 4, 0/37 HPs)
             Began as a Merfolk Abyssal Knight on Nov 8, 2016.
             Was a Believer of Lugonu.
             Slain by a killer bee (6 damage)
             ... on level 3 of the Dungeon.
             The game lasted 00:09:08 (2514 turns).

Stormleaks the Poker (Merfolk Abyssal Knight)       Turns: 2514, Time: 00:09:09

Health: 0/37       AC:  4    Str: 13    XL:     4   Next: 24%
Magic:  5/5        EV: 13    Int: 11    God:    Lugonu [**....]
Gold:   133        SH:  0    Dex: 13    Spells: 0 memorised, 3 levels left

rFire  . . .     SeeInvis .     g - +1 spear (freeze)
rCold  . . .     Gourm    .     b - +0 leather armour
rNeg   . . .     Faith    .     (no shield)
rPois  .         Spirit   .     (no helmet)
rElec  .         Reflect  .     (no cloak)
rCorr  .         Harm     .     i - +0 pair of gloves
MR     .....                    (no boots)
Stlth  +.........               (no amulet)
                                (no ring)
                                (no ring)

@: lethally poisoned (0 -> -25)
A: change form in water, swift swim, stealthy swim
a: Depart the Abyss, Bend Space, Renounce Religion


You were on level 3 of the Dungeon.
You worshipped Lugonu.
Lugonu was pleased with you.
You were hungry.

You visited 1 branch of the dungeon, and saw 3 of its levels.
You visited the Abyss 1 time.

You collected 133 gold pieces.

Inventory:

Hand Weapons
 a - a +1 spear
 g - a +1 spear of freezing (weapon)
Armour
 b - a +0 leather armour (worn)
 i - a +0 pair of gloves (worn)
Scrolls
 c - a scroll of identify
 n - a scroll of enchant armour {unknown}
Potions
 d - a potion of haste {unknown}
 e - a potion of resistance {unknown}
 f - a potion of heal wounds
 h - a potion of cure mutation {unknown}
 m - a potion of curing {unknown}
Comestibles
 j - 2 beef jerkies
 k - 3 fruits
 l - a meat ration


   Skills:
 + Level 4.2 Fighting
 + Level 4.3 Polearms
 + Level 1.0 Armour
 + Level 3.2 Dodging
 + Level 0.2 Stealth
 + Level 2.1 Invocations


You had 3 spell levels left.
You didn't know any spells.

Dungeon Overview and Level Annotations

Branches:
Dungeon (3/15)

Altars:
Dithmenos
Vehumet


Message History

The killer bee buzzes angrily.
The killer bee buzzes angrily.
You hit the killer bee but do no damage.
The killer bee stings you.
You are poisoned.
The killer bee poisons you!
You miss the killer bee.
You feel sick. The killer bee stings you. The killer bee closely misses you.
You closely miss the killer bee. The killer bee stings you.
You are more poisoned.
The killer bee poisons you! The killer bee barely misses you.
You closely miss the killer bee.
You feel sick. The killer bee stings you.
You are more poisoned.
The killer bee poisons you! The killer bee closely misses you.
You closely miss the killer bee.
You feel sick. The killer bee stings you!
You are more poisoned.
The killer bee poisons you! The killer bee stings you!
* * * LOW HITPOINT WARNING * * *
The killer bee stings you.
You die...

# ##..... #.#....#.#
#.#....#.# ### #####
......#.#...
####...####....#.#.###
...'.................
'###..........##.#.# .
>...............yy.#....
.....##.........@y......
##
##################.#####
#####. ...............#
#.###.#####....#
#...#...#...#..#
#.#†#...##..####
.............._#
#.##.##.........
#...#...#...#..#
#.###.#...####..
...............# #.#
##.##.......
################ #.#
##.#...#### ##
#..........#
#.######.##..# #


You could see 3 killer bees.

Vanquished Creatures
  4 adders (D:2)
  An ooze (D:1)
  2 leopard geckos
  An orc (D:3)
  A bat (D:1)
  A giant cockroach (D:1)
  2 hobgoblins (D:2)
  3 jackals
  A quokka (D:2)
  A ball python (D:3)
  2 frilled lizards (D:1)
  A goblin (D:1)
  5 kobolds
  6 rats
31 creatures vanquished.

Notes
Turn   | Place    | Note
-------+----------+-------------------------------------------
     0 | Abyss:1  | Stormleaks the Merfolk Abyssal Knight began the quest for the Orb.
     0 | Abyss:1  | Reached XP level 1. HP: 18/18 MP: 2/2
    10 | D:1      | Escaped the Abyss
   171 | D:1      | Reached XP level 2. HP: 17/24 MP: 3/3
  1242 | D:2      | Found a shadowy altar of Dithmenos.
  1334 | D:2      | Reached XP level 3. HP: 30/30 MP: 4/4
  1732 | D:2      | Found a faded altar of an unknown god.
  1835 | D:2      | Reached skill level 1 in Armour
  1835 | D:2      | Reached XP level 4. HP: 30/37 MP: 5/5
  2155 | D:2      | Reached ** piety under Lugonu
  2456 | D:3      | Found a radiant altar of Vehumet.
  2514 | D:3      | Slain by a killer bee

Skill      XL: |  1  2  3 |
---------------+----------+-----
Dodging        | 3 |  3.2
Polearms       | 4 |  4.3
Fighting       | 4 |  4.2
Armour         | 1 |  1.0
Stealth        | |  0.2
Invocations    | |  2.1

Action                   |  1- 3 |  4- 6 || total
-------------------------+-------+-------++-------
Melee: Spear             |    91 |    26 ||   117
  Use: Scroll            |     2 |     2 ||     4
 Stab: Sleeping          |       |     1 ||     1
  Eat: Bread ration      |     1 |       ||     1
Armor: Leather armour    |    21 |     6 ||    27
Dodge: Dodged            |    53 |    12 ||    65
